 Dungeon Crawl Stone Soup version 0.32-a0-893-gf85d74f (webtiles) character file.

Game seed: 8484920367812117239

12656 quddhq the Cleaver (level 11, 0/95 HPs)
             Began as a Demigod Fighter on Mar 22, 2024.
             Slain by a cane toad (14 damage)
             ... on level 1 of the Lair of Beasts on Apr 3, 2024.
             The game lasted 00:21:21 (12009 turns).

quddhq the Cleaver (Demigod Fighter)               Turns: 12009, Time: 00:21:22

Health: 0/95       AC: 19    Str: 29    XL:     11   Next: 38%
Magic:  14/14      EV:  6    Int: 12    God:
Gold:   651        SH:  6    Dex: 15    Spells: 10/10 levels left

rFire   + + .        f - +2 hand axe (venom)
rCold   + . .        c - +1 buckler
rNeg    . . .        E - +5 plate armour "Zigga" {Will++}
rPois   .            I - +0 hat {Will+}
rElec   +            v - scarf {rC+ rF+}
rCorr   .            p - +1 pair of gloves
SInv    +            (no boots)
Will    ++++.        s - amulet of magic regeneration Stlth
                     y - ring "Cacipi" {rElec rF+ Int+2 Dex+2}
HPRegen 0.35/turn    b - ring of see invisible
MPRegen 0.54/turn

%: no passive effects
@: no status effects
A: high MP 1, forlorn, divine attributes
a: no special abilities


You were on level 1 of the Lair of Beasts.
You visited 2 branches of the dungeon, and saw 11 of its levels.
You also visited: Ossuary.

You collected 1555 gold pieces.
You spent 904 gold pieces at shops.

Inventory:

Hand Weapons
 f - a +2 hand axe of venom (weapon)
 o - a +0 broad axe
 B - a +3 flail
 J - a +2 war axe of flaming
Missiles
 L - 5 javelins (quivered)
Armour
 c - a +1 buckler (worn)
 p - a +1 pair of gloves (worn)
 u - the +1 cloak of Saleocem {Will+ Str+2}
   (You bought it in a shop on level 5 of the Dungeon)

   Str+2:     It affects your strength (+2).
   Will+:     It increases your willpower.
 v - a scarf of resistance (worn)
 E - the +5 plate armour "Zigga" (worn) {Will++}
   (You found it on level 7 of the Dungeon)

   Will++:    It greatly increases your willpower.
 I - a +0 hat of willpower (worn)
Jewellery
 b - a ring of see invisible (right hand)
 s - an amulet of magic regeneration (around neck)
 y - the ring "Cacipi" (left hand) {rElec rF+ Int+2 Dex+2}
   (You bought it in a shop on level 7 of the Dungeon)

   [ring of protection from fire]

   Int+2:     It affects your intelligence (+2).
   Dex+2:     It affects your dexterity (+2).
   rF+:       It protects you from fire.
   rElec:     It insulates you from electricity.
Wands
 a - a wand of light (7)
 r - a wand of roots (13)
 t - a wand of flame (16)
 C - a wand of digging (8)
 K - a wand of mindburst (10)
Scrolls
 e - a scroll of revelation
 m - 2 scrolls of noise
 n - a scroll of brand weapon
 w - a scroll of enchant armour
 x - 3 scrolls of teleportation
 G - a scroll of identify
Potions
 d - a potion of might
 g - 2 potions of ambrosia
 h - 2 potions of curing
 i - 4 potions of heal wounds
 j - a potion of haste {unknown}
 k - 3 potions of degeneration {unknown}
 l - a potion of berserk rage {unknown}
 q - 3 potions of lignification
 z - 3 potions of enlightenment
 A - 2 potions of mutation
 D - 2 potions of invisibility {unknown}
 F - a potion of magic {unknown}
 H - a potion of attraction {unknown}


   Skills:
 + Level 8.6 Fighting
 * Level 11.4 Axes
 + Level 5.0 Throwing
 + Level 5.7 Armour
 + Level 5.8 Shields
 + Level 5.0 Evocations


You had 10 spell levels left.
You didn't know any spells.
Your spell library contained the following spells:

 Spells                   Type           Power      Damage    Failure   Level
 Apportation              Tloc           0%         N/A       98%         1
 Magic Dart               Conj           0%         1d3       98%         1
 Necrotise                Necr           0%         1d4       98%         1
 Shock                    Conj/Air       0%         1d3       98%         1
 Sting                    Conj/Alch      0%         1d3       98%         1
 Summon Small Mammal      Summ           0%         N/A       98%         1
 Ensorcelled Hibernation  Hex/Ice        0%         N/A       99%         2
 Searing Ray              Conj           0%         2d4       99%         2
 Fugue of the Fallen      Necr           0%         N/A       100%        3
 Ozocubu's Armour         Ice            0%         N/A       100%        3
 Swiftness                Air            0%         N/A       100%        3
 Vampiric Draining        Necr           0%         2d6       100%        3
 Airstrike                Air            0%         2d(0-16)  100%        4
 Anguish                  Hex/Necr       0%         N/A       100%        4
 Brom's Barrelling Bould  Conj/Erth      0%         2d3       100%        4
 Fulminant Prism          Conj/Alch      0%         3d5       100%        4
 Martyr's Knell           Necr/Summ      0%         N/A       100%        4
 Curse of Agony           Necr           0%         N/A       100%        5
 Fireball                 Conj/Fire      0%         3d3       100%        5
 Iskenderun's Battlesphe  Conj           0%         2d6       100%        5
 Conjure Ball Lightning   Conj/Air       0%         3x3d6     100%        6
 Manifold Assault         Tloc           0%         N/A       100%        7
 Orb of Destruction       Conj           0%         9d5       100%        7


Dungeon Overview and Level Annotations

Branches:
Dungeon (10/15)            Temple (0/1) D:7            Lair (1/5) D:8
    Orc (0/2) D:9         Ossuary (visited)

Shops:
D:1 (   D:5 [   D:7 =   D:10 [

Annotations:
D:3 2 transporters, znke's ghost, weakling TrFi
Lair:1 2 transporters


Innate Abilities, Weirdness & Mutations

You have an increased reservoir of magic. (+10% MP)
You shall have no god before yourself.
Your divine heritage dramatically boosts your attributes as you level up.


Message History

* * * LOW HITPOINT WARNING * * *
You are lethally poisoned!
The cane toad poisons you!
You hit the cane toad but do no damage.
The cane toad is severely wounded.
* * * LOW HITPOINT WARNING * * *
You feel extremely sick. The cane toad barely misses you.
You barely miss the cane toad.
The cane toad is severely wounded.
* * * LOW HITPOINT WARNING * * *
You feel extremely sick. The cane toad stings you.
* * * LOW HITPOINT WARNING * * *
You hit the cane toad but do no damage.
The cane toad is severely wounded.
* * * LOW HITPOINT WARNING * * *
You feel very sick. The cane toad stings you.
* * * LOW HITPOINT WARNING * * *
You are more poisoned.
The cane toad poisons you!
You feel better. The cane toad closely misses you.
You hit the cane toad.
The cane toad looks as sick as possible!
The cane toad is severely wounded.
The cane toad stings you.
* * * LOW HITPOINT WARNING * * *
You are lethally poisoned!
The cane toad poisons you!
You feel better. You block the cane toad's attack.
You hit the cane toad.
The cane toad looks as sick as possible!
The cane toad is severely wounded.
The cane toad stings you but does no damage.
You hit the cane toad.
The cane toad looks as sick as possible!
The cane toad is almost dead.
The cane toad stings you!
You die...

#.......##.# #
##.....###.# #
##...## #.# ## #....#
..# #. ##...####.##
#. ##.........# #.
#..........#○... #.
##...####### ..○.. #.
#...@# ############.
##...F.........©..#P.
#............... #..
.......#####.P..####.
.........# #.....#.#.
..........##
#.........
...........
#.........
######....##
###.##P##P ###P....#
#.######


You could see a cane toad (extremely poisoned).

Vanquished Creatures
  Gastronok (D:9)
  A two-headed ogre (D:9)
  Nergalle (D:10)
  Joseph (D:8)
  A cane toad (Lair:1)
  3 komodo dragons
  3 trolls (D:10)
  A hornet (D:7)
  3 blink frogs (Lair:1)
  3 slime creatures (D:9)
  3 wyverns
  A wraith (D:9)
  A vampire (D:9)
  14 yaks
  A shadow (D:9)
  A steam dragon (D:9)
  A basilisk (Lair:1)
  2 water moccasins
  4 orc warriors
  3 ice beasts
  A sky beast (D:8)
  An ogre (D:6)
  4 centaurs
  A phantom (D:5)
  An elf zombie (Ossuary)
  7 bullfrogs
  A kobold brigand (D:9)
  A weeping skull (Ossuary)
  2 scorpions (D:8)
  5 wights
  3 killer bees (D:9)
  4 howler monkeys
  2 centaur zombies (Ossuary)
  3 hounds (D:4)
  A bombardier beetle (D:5)
  A jelly (D:7)
  7 orc priests
  3 sleepcaps
  Crazy Yiuf (D:3)
  2 human zombies (Ossuary)
  Terence (D:3)
  2 iguanas
  13 orc wizards
  A crocodile zombie (Ossuary)
  A bullfrog simulacrum (Ossuary)
  A hound zombie (Ossuary)
  3 mummies (Ossuary)
  A hound skeleton (D:3)
  Robin (D:3)
  3 gnolls (D:2)
  4 adders
  A white imp (D:6)
  5 adder zombies
  A ribbon worm (D:2)
  4 dart slugs
  45 orcs
  9 bats
  5 endoplasms
  6 giant cockroaches
  2 gnoll zombies (Ossuary)
  6 hobgoblins
  9 kobolds
  2 quokkas
  9 ball pythons
  2 ball python zombies (Ossuary)
  4 frilled lizards
  14 goblins
  5 jackal zombies (Ossuary)
  5 kobold zombies (Ossuary)
  2 orc zombies (Ossuary)
  6 rats (D:1)
273 creatures vanquished.

Vanquished Creatures (others)
  An orc (D:9)
1 creature vanquished.

Grand Total: 274 creatures vanquished

Notes
Turn   | Place    | Note
-------+----------+-------------------------------------------
     0 | D:1      | quddhq the Demigod Fighter began the quest for the Orb.
     0 | D:1      | Reached XP level 1. HP: 18/18 MP: 3/3
    32 | D:1      | Reached skill level 2 in Axes
   174 | D:1      | Reached XP level 2. HP: 25/25 MP: 4/4
   317 | D:1      | Found Doc Fiuw's Antique Weapon Boutique.
   581 | D:1      | Reached XP level 3. HP: 31/31 MP: 5/5
   611 | D:1      | Reached skill level 3 in Axes
  1118 | D:2      | Reached XP level 4. HP: 38/38 MP: 6/6
  1589 | D:3      | Found a transporter.
  1590 | D:3      | Noticed znke's ghost (weakling TrFi)
  1606 | D:3      | Found a transporter.
  1775 | D:3      | Found a runed translucent door.
  1776 | D:3      | Noticed Crazy Yiuf
  1861 | D:3      | Noticed Robin
  1870 | D:3      | Killed Robin
  1872 | D:3      | Reached skill level 4 in Axes
  2051 | D:3      | Noticed Terence
  2065 | D:3      | Killed Terence
  2066 | D:3      | Reached XP level 5. HP: 31/46 MP: 7/7
  2189 | D:3      | Killed Crazy Yiuf
  2995 | D:4      | Reached skill level 5 in Axes
  2995 | D:4      | Reached XP level 6. HP: 51/52 MP: 8/8
  3229 | D:5      | Entered Level 5 of the Dungeon
  3230 | D:5      | Identified a scroll of acquirement
  3230 | D:5      | Acquired 967 gold pieces
  3336 | D:5      | Found Cacwymua's Antique Armour Shoppe.
  3341 | D:5      | Bought a faintly humming cloak for 161 gold pieces
  3341 | D:5      | Identified the +1 cloak of Saleocem {Will+ Str+2} (You
                  | bought it in a shop on level 5 of the Dungeon)
  3341 | D:5      | Bought a runed chain mail for 127 gold pieces
  3983 | D:6      | Found a sand-covered staircase.
  3988 | Ossuary  | Entered an ossuary
  4100 | Ossuary  | Reached skill level 6 in Axes
  4116 | Ossuary  | Reached skill level 5 in Fighting
  4116 | Ossuary  | Reached XP level 7. HP: 60/61 MP: 9/9
  4543 | D:6      | Reached skill level 7 in Axes
  4664 | D:6      | Reached XP level 8. HP: 70/70 MP: 10/10
  5291 | D:7      | Found Raeles's Jewellery Shop.
  5301 | D:7      | Reached skill level 8 in Axes
  5333 | D:7      | Bought the ring "Cacipi" {rElec rF+ Int+2 Dex+2} for 616
                  | gold pieces
  5363 | D:7      | Found a staircase to the Ecumenical Temple.
  5665 | D:7      | Identified the +5 plate armour "Zigga" {Will++}
  5734 | D:7      | Reached skill level 9 in Axes
  5966 | D:7      | Reached skill level 1 in Evocations
  6103 | D:7      | Noticed a hornet
  6110 | D:7      | Killed a hornet
  6111 | D:7      | Reached skill level 1 in Throwing
  6111 | D:7      | Reached XP level 9. HP: 48/78 MP: 11/11
  6860 | D:8      | Noticed a komodo dragon
  6870 | D:8      | Killed a komodo dragon
  7211 | D:8      | Found a staircase to the Lair.
  7507 | D:8      | Noticed Joseph
  7714 | D:8      | Killed Joseph
  8007 | D:9      | Reached skill level 10 in Axes
  8099 | D:9      | Reached XP level 10. HP: 86/86 MP: 13/13
  8155 | D:9      | Noticed Gastronok
  8173 | D:9      | Killed Gastronok
  8345 | D:9      | Found a staircase to the Orcish Mines.
  8908 | D:9      | Noticed a two-headed ogre
  8920 | D:9      | Killed a two-headed ogre
  8921 | D:9      | Reached skill level 5 in Shields
  9109 | D:9      | Reached skill level 5 in Armour
  9871 | D:9      | Upgraded the game from 0.32-a0-814-g0968bab to
                  | 0.32-a0-893-gf85d74f
  9978 | D:10     | Entered Level 10 of the Dungeon
 10520 | D:10     | Reached skill level 11 in Axes
 10520 | D:10     | Reached XP level 11. HP: 82/94 MP: 14/14
 10790 | D:10     | Noticed Nergalle
 10809 | D:10     | Killed Nergalle
 11038 | D:10     | Found Wytulas's Antique Armour Boutique.
 11393 | Lair:1   | Entered Level 1 of the Lair of Beasts
 11696 | Lair:1   | Found a transporter.
 11749 | Lair:1   | Reached skill level 5 in Throwing
 11749 | Lair:1   | Reached skill level 5 in Evocations
 11950 | Lair:1   | Found a transporter.
 12004 | Lair:1   | HP: 2/95 [cane toad (5)]
 12009 | Lair:1   | Slain by a cane toad

Illustrated notes

Levels and vault maps discovered:
D:1:      roadster_arrival_rocket_large, layout_loops_ring, serial_shops,
          nicolae_shop_real_fake_doors, nicolae_houndstooth_variations
D:2:      layout_rooms, shapermc_ecumenical_altar_pompeii,
          minmay_misc_feat_square, minmay_cut_off
D:3:      layout_basic, xom_teletrap_fun, serial_undead, serial_undead_b,
          serial_undead_a, serial_undead_c, serial_undead_b, serial_undead_d,
          gammafunk_ghost_gnarly_gnolls, hangedman_glass_teeth,
          minmay_liquid_box, uniq_crazy_yiuf_cottage, uniq_robin, uniq_terence
D:4:      layout_basic, mainiacjoe_overflow_alcove_2,
          nicolae_ashenzari_panopticon
D:5:      layout_cave_pods, nicolae_uskayaw_dance_hall, serial_shops, shop
D:6:      layout_basic, mainiacjoe_overflow_brackets, enter_ossuary_5
D:7:      layout_basic, minmay_temple_entry_grid, nicolae_stop_n_shop_1
D:8:      layout_layer_cave, grunt_lair_entry_orc_guard_hut, uniq_joseph
D:9:      minmay_skewed_foursquare, layout_loops_corners, amcnicky_altar_gilded,
          nicolae_elyvilon_temple_path, uniq_gastronok
D:10:     layout_roguey, fedhas_altar_2, mainiacjoe_overflow_boulevard,
          mainiacjoe_overflow_six_doors_small,
          mainiacjoe_overflow_cross_hatched, hellmonk_sif_muna_bookshelves,
          serial_shops, shop, dreamdust_princess_corridor, uniq_nergalle
Lair:1:   gammafunk_cloud_chamber, layout_gridlike, uniq_harold

Skill      XL: |  1  2  3  4  5  6  7  8  9 10 11 |
---------------+----------------------------------+-----
Axes           | 2 3 4 5 6 7 9 10 11 | 11.4
Fighting       | 3 4 5 6 7 8 |  8.6
Armour         | 3 4 5 |  5.7
Shields        | 3 4 5 |  5.8
Evocations     | 1 3 4 5 |  5.0
Throwing       | 1 2 4 5 |  5.0

Action                     |  1- 3 |  4- 6 |  7- 9 | 10-12 || total
---------------------------+-------+-------+-------+-------++-------
  Melee: Hand axe          |    95 |   217 |   437 |   358 ||  1107
         War axe           |     5 |       |       |       ||     5
  Evoke: Wand              |       |       |       |     1 ||     1
    Use: Scroll            |     2 |    10 |     6 |     2 ||    20
         Potion            |       |       |       |     3 ||     3
 Armour: Scale mail        |    58 |    90 |       |       ||   148
         Chain mail        |       |    75 |   156 |       ||   231
         Plate armour      |       |       |   143 |   221 ||   364
  Dodge: Dodged            |    28 |    70 |   100 |    69 ||   267
  Block: Buckler           |    27 |    45 |    90 |    84 ||   246

Table legend: (Time is in decaauts)
 A = Elapsed time spent in this place.
 B = Non-inter-level travel time spent in this place.
 C = Inter-level travel time spent in this place.
 D = Time resting spent in this place.
 E = Time spent auto-exploring this place.
 F = Levels seen in this place.
 G = Mean time per level.
                   A        B        C        D        E       F      G
               +--------+--------+--------+--------+--------+-----+--------+
         Total |  12074 |  11574 |    500 |   1021 |   8588 |  12 | 1006.2 |
       Dungeon |  11040 |  10540 |    500 |    890 |   7977 |  10 | 1104.0 |
          Lair |    600 |    600 |      0 |    131 |    377 |   1 |  600.0 |
       Ossuary |    433 |    433 |      0 |      0 |    233 |   1 |  433.0 |
               +--------+--------+--------+--------+--------+-----+--------+

Top non-repeatable levels by time:
     D:9: 1957 daAuts
     D:8: 1568 daAuts
    D:10: 1341 daAuts
     D:7: 1149 daAuts
     D:6: 971 daAuts
     D:4: 904 daAuts
     D:3: 898 daAuts
     D:1: 880 daAuts
     D:5: 791 daAuts
  Lair:1: 600 daAuts
     D:2: 578 daAuts
 Ossuary: 433 daAuts
